Map: Eternal Empire LE

Players

Ryu

  • Race: Zerg Zerg
  • Spawn Location: 7:00

Serral - Winner!

  • Race: Zerg Zerg
  • Spawn Location: 1:00

Event: NationWars 2019

VOD

Have the link to the VOD?

Description

Time

  • Played on: Dec. 8, 2019, 7:41 a.m.
  • Length: 7:26
Show
View Real Time Build Order
Export as new Build Order

Ryu Zerg 

Build Orders: Hatch First 

Get SALT Encoding   

  12  0:00  Drone  
  13  0:12  Overlord  
  13  0:17  Drone  
  14  0:31  Drone x2  
  16  0:51  Drone, Hatchery  
  16  0:55  Drone  
  17  0:59  Drone  
  18  1:06  Extractor  
  17  1:14  Spawning Pool  
  17  1:17  Drone  
  17  1:20  Drone  
  18  1:31  Drone  
  19  1:40  Drone  
  20  1:50  Overlord  
  20  2:01  Queen  
  20  2:03  Queen  
  20  2:04  Zergling x2  
  20  2:08  Metabolic Boost  
  25  2:09  Drone  
  25  2:11  Drone  
  25  2:15  Drone  
  28  2:21  Drone  
  29  2:26  Drone  
  30  2:32  Zergling x2  
  30  2:36  Zergling x2  
  32  2:45  Hatchery  
  32  2:47  Zergling x4  
  33  2:54  Drone, Baneling Nest  
  33  2:58  Drone  
  35  3:05  Hatchery  
  35  3:08  Overlord  
  35  3:09  Drone  
  35  3:15  Overlord  
  35  3:16  Drone  
  35  3:27  Drone x5  
  40  3:35  Zergling x2  
  40  3:36  Drone  
  40  3:39  Queen  
  44  3:43  Baneling, Evolution Chamber  
  44  3:45  Drone  
  45  3:48  Drone  
  45  3:53  Drone  
  45  3:54  Drone  
  47  3:56  Baneling  
  47  3:58  Drone x2  
  49  4:02  Zergling x2  
  49  4:07  Drone, Extractor  
  49  4:17  Zergling x4  
  49  4:18  Baneling  
  49  4:25  Drone x3  
  49  4:26  Drone x2, Lair  
  54  4:34  Drone x3  
  54  4:36  Baneling  
  57  4:39  Drone  
  57  4:41  Overlord x2  
  58  4:47  Roach Warren  
  58  4:48  Extractor, Zerg Missile Weapons Level 1  
  55  4:53  Drone x2  
  55  4:57  Overlord x2  
  57  5:00  Drone x2  
  57  5:01  Drone  
  57  5:06  Drone  
  61  5:08  Overlord  
  61  5:09  Drone x3  
  64  5:14  Drone  
  64  5:19  Zergling x2  
  65  5:22  Baneling  
  65  5:23  Baneling x2  
  65  5:24  Zergling x4  
  56  5:30  Roach  
  56  5:31  Queen  
  56  5:32  Nydus Network  
  56  5:33  Roach  
  58  5:36  Queen  
  58  5:38  Roach x2  
  58  5:41  Roach  
  66  5:44  Roach  
  66  5:45  Overlord  
  66  5:49  Roach x2  
  72  5:56  Roach x2  
  76  5:59  Roach  
  76  6:00  Extractor  
  77  6:10  Nydus Canal  
  77  6:11  Roach  
  77  6:14  Drone x2  
  79  6:20  Drone  
  79  6:21  Drone x3  
  79  6:22  Roach x2  
  86  6:28  Roach x2  
  90  6:35  Roach  
  92  6:41  Overlord  
  90  6:49  Roach x2  
Show
View Real Time Build Order
Export as new Build Order

Serral Zerg - Winner!

Build Orders: Hatch First 

Get SALT Encoding   

  12  0:00  Drone  
  13  0:13  Overlord  
  13  0:17  Drone  
  14  0:32  Drone x2  
  16  0:48  Hatchery  
  15  0:52  Drone  
  15  0:55  Drone  
  17  0:58  Drone  
  18  1:09  Extractor  
  17  1:14  Spawning Pool  
  17  1:17  Drone  
  17  1:20  Drone  
  18  1:28  Drone  
  19  1:39  Drone  
  20  1:49  Overlord  
  20  2:01  Queen x2  
  22  2:02  Zergling x4  
  26  2:10  Metabolic Boost  
  26  2:12  Drone x2  
  28  2:22  Drone  
  29  2:23  Drone  
  30  2:36  Hatchery  
  29  2:38  Drone  
  30  2:48  Drone  
  30  2:49  Drone, Baneling Nest  
  31  2:55  Zergling x2, Overlord  
  32  2:59  Zergling x2  
  33  3:12  Zergling x6  
  36  3:17  Overlord  
  36  3:19  Drone x2  
  38  3:21  Drone x2  
  38  3:22  Drone  
  41  3:28  Queen  
  41  3:32  Baneling x2  
  42  3:35  Zergling x2  
  42  3:37  Overlord  
  42  3:41  Zergling x2  
  44  3:45  Zergling x2  
  44  3:46  Baneling  
  44  3:48  Evolution Chamber  
  44  3:49  Zergling x2  
  44  3:50  Zergling x2  
  44  3:53  Zergling x2  
  44  3:55  Zergling x4  
  48  3:58  Drone  
  48  4:00  Drone  
  48  4:01  Drone  
  52  4:04  Drone  
  52  4:09  Overlord  
  53  4:10  Drone  
  53  4:19  Overlord  
  53  4:23  Zergling x4  
  53  4:26  Drone x4  
  56  4:32  Drone x2  
  56  4:34  Drone x2  
  56  4:37  Zerg Missile Weapons Level 1  
  59  4:40  Extractor  
  59  4:41  Drone x2  
  59  4:42  Drone x2  
  62  4:47  Drone  
  62  4:53  Roach Warren  
  62  4:54  Lair  
  62  4:55  Baneling x2  
  62  4:57  Zergling x2  
  62  5:02  Zergling x2, Drone  
  62  5:04  Drone x2  
  66  5:09  Drone  
  66  5:10  Drone, Extractor  
  66  5:11  Drone x2  
  66  5:22  Drone  
  66  5:24  Drone  
  66  5:26  Drone  
  66  5:28  Drone x3  
  71  5:29  Extractor x2, Overlord  
  71  5:30  Baneling x2  
  70  5:36  Roach x5  
  70  5:42  Overlord x3  
  80  5:49  Overlord  
  80  5:50  Roach x2  
  80  5:55  Roach x2  
  80  5:56  Overseer  
  88  5:59  Overlord  
  88  6:00  Overlord  
  88  6:04  Roach x2  
  88  6:08  Roach x2  
  96  6:14  Roach  
  96  6:15  Roach  
  100  6:21  Roach x3  
  105  6:27  Roach x3  
  111  6:34  Overlord  
  111  6:36  Roach x3  
  117  6:42  Roach x4  
  117  6:45  Overlord  
  125  6:49  Overlord  
  125  6:50  Roach  
Tags
 
Add a new tag
Caveats
  • Supply blocks, unpowered buildings, or Contaminate may cause inaccurate times.
  • Supply counts are checked every 10 seconds.